details: 'peon surround how mad you are'

« prev index next »

General information

Mini Map

Players

team 1
Random» Humankyurem (purple | 16 APM | 26 actions | 01:40)

» actions
Build / train4
Enter build submenu2
Right click12
Select / deselect6
Use ability2
26 total
» units
Peasant4
4 total
» buildings
Farm1
Altar of Kings1
2 total
» build order
00:33 Farm
01:23 Altar of Kings
OrcHOWMADYOUAREBRO (yellow | 36 APM | 163 actions | 04:31)

» actions
Basic commands8
Build / train5
Right click121
Select / deselect29
163 total
» units
Peon5
5 total
NightElfOhhEmmGees (red | 35 APM | 157 actions | 04:31)

» actions
Basic commands1
Build / train5
Enter build submenu2
Right click121
Select / deselect24
Use ability4
157 total
» units
Archer5
5 total
» buildings
Ancient of War1
1 total
» build order
00:18 Ancient of War
Random» UndeadBanksy (green | 24 APM | 77 actions | 03:14)

» actions
Build / train7
Enter build submenu8
Right click13
Select / deselect42
Use ability7
77 total
» units
Acolyte3
Peasant2
Ghoul1
6 total
» buildings
Altar of Darkness1
Ziggurat2
Crypt2
Graveyard1
Barracks1
7 total
» build order
00:07 Altar of Darkness
00:12 Ziggurat
01:02 Crypt
01:35 Graveyard
01:50 Barracks
01:58 Ziggurat
02:24 Crypt
team 2
Random» Undeadlaineybear (teal | 55 APM | 174 actions | 03:09)
Hero icon 1 Death Knight
Ability icon 1 Death Pact

» actions
Assign group hotkey10
Build / train9
ESC pressed2
Enter build submenu6
Enter hero's abilities submenu1
Right click47
Select / deselect38
Select group hotkey45
Use ability16
174 total
» units
Acolyte3
Ghoul1
Crypt Fiend2
6 total
» buildings
Graveyard1
Crypt1
Ziggurat2
Altar of Darkness1
Nerubian Tower1
Tomb of Relics1
7 total
» build order
00:08 Graveyard
00:10 Crypt
00:37 Ziggurat
00:56 Altar of Darkness
01:29 Nerubian Tower
01:54 Tomb of Relics
02:31 Ziggurat
HumanTotalTanks (pink | 39 APM | 176 actions | 04:31)
Hero icon 1 Archmage
Ability icon 1 Summon Water Elemental

» actions
Assign group hotkey9
Basic commands2
Build / train21
Enter build submenu16
Enter hero's abilities submenu1
Right click37
Select / deselect53
Select group hotkey22
Use ability15
176 total
» units
Peasant8
Footman6
14 total
» upgrades
Defend1
1 total
» buildings
Altar of Kings1
Farm4
Barracks1
Lumber Mill1
Scout Tower3
Arcane Tower3
Necropolis1
Ziggurat1
Altar of Darkness1
Keep1
17 total
» build order
00:37 Altar of Kings
00:41 Farm
00:55 Barracks
01:21 Farm
01:49 Farm
01:52 Lumber Mill
01:56 Scout Tower
02:11 Scout Tower
02:38 Arcane Tower
02:47 Scout Tower
02:54 Arcane Tower
03:32 Arcane Tower
03:54 Necropolis
04:04 Ziggurat
04:06 Altar of Darkness
04:12 Keep
04:26 Farm
Random» HumanMmaddog (orange | 25 APM | 111 actions | 04:31)
Hero icon 1 Archmage
Ability icon 1 Summon Water Elemental

» actions
Assign group hotkey1
Basic commands5
Build / train15
Enter build submenu8
Enter hero's abilities submenu1
Right click40
Select / deselect32
Select group hotkey1
Use ability8
111 total
» units
Peasant7
Footman4
11 total
» upgrades
Masonry1
1 total
» buildings
Altar of Kings1
Farm4
Barracks1
Lumber Mill1
Keep1
Scout Tower1
9 total
» build order
00:27 Altar of Kings
01:03 Farm
01:11 Barracks
01:51 Farm
02:54 Lumber Mill
03:14 Farm
03:55 Farm
04:03 Keep
04:21 Scout Tower
UndeadForme (blue | 28 APM | 127 actions | 04:31)
Hero icon 1 Death Knight
Ability icon 1 Death Coil

» actions
Assign group hotkey1
Basic commands2
Build / train11
ESC pressed1
Enter build submenu8
Enter hero's abilities submenu1
Right click43
Select / deselect47
Select group hotkey4
Use ability9
127 total
» units
Acolyte3
Ghoul3
Crypt Fiend3
9 total
» buildings
Crypt1
Altar of Darkness1
Ziggurat2
Graveyard1
Tomb of Relics1
Necropolis1
7 total
» build order
00:25 Crypt
00:27 Altar of Darkness
00:29 Ziggurat
01:17 Ziggurat
01:19 Graveyard
02:29 Tomb of Relics
03:29 Necropolis

Chat log

(00:15 / Allies) Banksy: rush
(00:30 / Allies) kyurem: ouch sry it started too long??
(00:40 / All) HOWMADYOUAREBRO: you cost us the game noob
(00:44 / All) HOWMADYOUAREBRO: how mad you are
(01:02 / All) HOWMADYOUAREBRO: purple you make us lose you noob
(01:03 / All) HOWMADYOUAREBRO: how mad you are
(01:09 / All) HOWMADYOUAREBRO: I punching the wall
(01:10 / All) HOWMADYOUAREBRO: BANG
(01:13 / Allies) Banksy: dyslexic much?
(01:19 / All) Banksy: dyslexic much?
(01:30 / All) HOWMADYOUAREBRO: Im french canadia bro
(01:35 / All) Mmaddog: could be time for the meds ... ace
(01:36 / Allies) kyurem: guys sry im not in the game
(01:37 / Allies) kyurem: byt
(01:39 / All) Banksy: im not your bro
(01:45 / All) TotalTanks: gg?
(01:54 / All) Forme: tker
(01:55 / All) HOWMADYOUAREBRO: how mad you are bro
(02:00 / All) TotalTanks: sucks
(02:03 / All) Banksy: ITS ARE YOU
(02:07 / All) HOWMADYOUAREBRO: i got mad bank
(02:10 / All) Banksy: dumb french prick
(02:10 / All) HOWMADYOUAREBRO: you noob
(02:14 / All) Mmaddog: mad or crazy.... ???
(02:25 / All) HOWMADYOUAREBRO: how mad you are
(02:33 / All) HOWMADYOUAREBRO: banksy how mad you are
(02:34 / All) Mmaddog: seek some help ace...
(02:38 / All) HOWMADYOUAREBRO: bitches every day son
(02:39 / All) HOWMADYOUAREBRO: im hustler
(02:45 / Allies) Banksy: how old are you yellow?
(02:46 / Allies) OhhEmmGees: Z
(02:47 / All) HOWMADYOUAREBRO: how mad you are
(02:52 / Allies) Banksy: lol
(02:54 / All) HOWMADYOUAREBRO: how old youare
(03:28 / All) HOWMADYOUAREBRO: how mad you are blue
(03:55 / All) HOWMADYOUAREBRO: how mad you are blue
(04:01 / All) HOWMADYOUAREBRO: how mad you are peon surround
(04:16 / All) HOWMADYOUAREBRO: how mad you are
(04:28 / All) HOWMADYOUAREBRO: how mad you are